AoeStats
← uditm999

Arena

510352694Analyzed
1v1 RM · 16h ago on Sep 30, 2026· 26m 58s· 2 players
Game mode
Random Map
Map size
Tiny (2 player)
Population
200
Speed
Normal
Resources
Standard
Victory
Conquest
Starting age
Dark Age
Ending age
Imperial Age
RankedLock teamsTeams togetherTeam positionsShared explorationLock speedFull tech treeHidden civsTurbo modeCheats
Victory
Defeat
🇮🇳 Portuguese · India
761
+17
🇲🇽 Japanese · Mexico
774
-43
uditm999
11:42 Feudal Age
12:53 Horse Collar
13:03 Double-Bit Axe
16:03 Castle Age
18:36 Heavy Plow
21:42 Bow Saw
23:05 Wheelbarrow
24:09 Hand Cart
24:34 Fletching
24:45 Padded Archer Armor
24:52 Loom
25:37 Bodkin Arrow
25:52 Forging
26:47 Scale Barding Armor
26:43 Scale Mail Armor
26:58 Leather Archer Armor
Joge oropeza
0:58 Loom
14:16 Feudal Age
14:51 Double-Bit Axe
14:49 Horse Collar
15:06 Gold Mining
15:08 Stone Mining
21:20 Wheelbarrow
23:44 Town Watch
26:10 Man-at-Arms
Connection lost

Rejoining the realm…

Still unreachable

The connection could not be restored.

Session expired

The server has moved on; the page needs a fresh start.